Map: Eastwatch LE

Players

Yoyo

  • Race: Protoss Protoss
  • League: Silver
  • Spawn Location: 7:00

Alchemy - Winner!

  • Race: Protoss Protoss
  • League: Gold
  • Spawn Location: 1:00

VOD

Have the link to the VOD?

Description

Time

  • Played on: March 7, 2018, 7:20 a.m.
  • Length: 35:28
Show
View Real Time Build Order
Export as new Build Order

Yoyo Protoss 

Build Orders:  

Get SALT Encoding   

  12  0:04  Probe  
  13  0:16  Probe  
  14  0:21  Pylon  
  14  0:35  Probe  
  15  0:44  Gateway  
  15  0:47  Probe  
  16  0:59  Probe  
  17  1:05  Assimilator  
  17  1:06  Pylon  
  17  1:13  Probe  
  18  1:25  Probe  
  19  1:34  Cybernetics Core  
  19  1:37  Probe  
  20  1:41  Gateway  
  20  1:43  Gateway  
  20  1:49  Probe  
  21  2:01  Probe  
  22  2:14  Warp Gate (Chrono Boost)  
  22  2:18  Nexus  
  22  2:21  Probe  
  23  2:38  Adept (Chrono Boost)  
  23  2:39  Adept (Chrono Boost)  
  27  2:46  Probe  
  28  2:58  Probe  
  29  3:03  Assimilator  
  29  3:10  Probe  
  30  3:27  Pylon  
  30  3:29  Adept x2  
  30  3:30  Pylon  
  31  4:27  Stalker  
  29  5:49  Adept  
  31  5:54  Adept  
  31  5:55  Adept  
  35  6:02  Probe  
  35  6:03  Probe  
  37  6:13  Stargate  
  37  6:14  Probe  
  37  6:15  Probe  
  39  6:26  Probe  
  19  8:12  Stalker  
  17  8:13  Stalker x2  
  14  8:36  Stalker  
  14  8:37  Stalker x2  
  14  8:40  Oracle  
  19  9:12  Probe x2  
  21  9:24  Probe x2  
  23  9:32  Robotics Facility  
  23  9:33  Robotics Facility  
  23  9:34  Stalker  
  23  9:35  Stalker x2  
  23  9:36  Probe x2  
  28  10:01  Probe x2  
  28  10:06  Pylon  
  30  10:13  Probe x2  
  32  10:15  Forge  
  32  10:16  Forge  
  32  10:17  Forge  
  32  10:24  Pylon  
  25  10:35  Stalker x2  
  29  10:52  Gateway  
  29  10:56  Gateway  
  29  10:58  Gateway  
  29  11:01  Stalker  
  29  11:02  Gateway  
  31  11:05  Gateway  
  31  11:06  Photon Cannon, Gateway  
  31  11:07  Photon Cannon  
  31  11:09  Photon Cannon  
  31  11:11  Photon Cannon  
  31  11:12  Photon Cannon  
  31  11:16  Gateway  
  31  11:17  Shield Battery  
  31  11:21  Shield Battery  
  31  11:25  Shield Battery x2  
  31  11:36  Probe x2  
  33  11:46  Assimilator  
  33  11:47  Assimilator  
  33  11:48  Probe x2  
  33  11:52  Stalker  
  33  12:23  Stalker  
  35  12:32  Immortal  
  35  12:35  Immortal  
  43  12:38  Probe  
  43  12:39  Probe  
  45  12:51  Probe x2  
  47  12:53  Stalker  
  47  12:55  Zealot x3  
  47  12:56  Zealot x2  
  47  12:57  Zealot  
  61  12:58  Zealot  
  61  13:03  Probe x2  
  65  13:11  Immortal  
  69  13:22  Pylon  
  69  13:27  Pylon  
  69  13:28  Protoss Ground Weapons Level 1 (Chrono Boost)  
  69  13:33  Pylon  
  69  13:37  Protoss Shields Level 1 (Chrono Boost)  
  69  13:51  Protoss Ground Armor Level 1 (Chrono Boost)  
  69  14:05  Sentry x2  
  69  14:07  Sentry  
  69  14:08  Sentry  
  77  14:17  Twilight Council  
  77  14:30  Immortal  
  81  14:38  Stalker  
  81  14:42  Stalker  
  85  15:02  Oracle  
  88  15:13  Blink (Chrono Boost)  
  82  15:58  Stalker  
  82  15:59  Stalker x2  
  82  16:01  Stalker x3  
  82  16:02  Stalker  
  80  16:13  Pylon  
  80  16:18  Pylon  
  80  16:55  Photon Cannon  
  80  17:00  Photon Cannon  
  80  17:08  Photon Cannon  
  80  17:10  Stalker x2  
  80  17:11  Stalker x2  
  80  17:12  Stalker  
  80  17:13  Stalker x3  
  96  17:20  Immortal  
  100  17:47  Zealot  
  102  17:54  Pylon  
  102  17:55  Pylon  
  102  17:57  Pylon  
  102  17:59  Pylon  
  102  18:08  Pylon  
  102  18:13  Pylon  
  93  19:07  Pylon  
  93  19:09  Stalker x3  
  99  19:10  Stalker x4  
  99  19:14  Sentry  
  109  19:54  Nexus  
  109  19:56  Pylon  
  87  21:29  Stalker  
  87  21:30  Stalker  
  87  21:31  Stalker x2  
  87  21:32  Stalker x4  
  103  22:07  Stalker x3  
  103  22:08  Stalker  
  111  22:09  Protoss Ground Weapons Level 2 (Chrono Boost), Protoss Ground Armor Level 2 (Chrono Boost)  
  111  22:16  Protoss Shields Level 2 (Chrono Boost)  
  111  22:54  Assimilator  
  111  22:56  Assimilator  
  111  23:00  Immortal (Chrono Boost)  
  115  23:29  Immortal (Chrono Boost)  
  119  23:36  Immortal (Chrono Boost)  
  123  23:54  Probe x2  
  123  23:55  Probe  
  126  24:00  Warp Prism  
  128  24:04  Sentry x3  
  128  24:05  Sentry x2  
  128  24:06  Probe  
  128  24:08  Observer  
  140  24:26  Pylon  
  140  24:54  Immortal x2  
  140  24:59  Templar Archives  
  148  25:18  Protoss Shields Level 3 (Chrono Boost)  
  148  25:19  Protoss Ground Weapons Level 3 (Chrono Boost), Protoss Ground Armor Level 3 (Chrono Boost)  
  148  25:43  Immortal  
  148  25:44  Immortal  
  156  25:52  High Templar x2  
  156  25:56  Archon  
  160  26:43  Immortal x2  
  168  26:48  Nexus  
  168  26:50  Pylon  
  168  27:05  Adept  
  170  27:08  Stalker x2  
  170  27:09  Stalker  
  166  27:21  Stalker  
  158  28:03  Adept  
  76  28:59  Stalker x4  
  76  29:00  Stalker x4  
  70  29:27  Stalker x4  
  70  29:28  Stalker x3  
  70  29:29  Stalker  
  70  30:53  Stalker x2  
  70  30:54  Stalker x2  
  70  30:55  Stalker x3  
  70  30:56  Stalker  
  78  32:51  Pylon  
  78  32:58  Assimilator, Stalker x2  
  78  32:59  Stalker x4  
  78  33:00  Stalker x2  
  78  33:03  Assimilator  
  94  33:13  Stargate  
  94  33:14  Stargate  
  94  33:15  Stargate  
  94  33:17  Stargate  
  94  33:56  Void Ray x3 (Chrono Boost)  
  94  33:57  Void Ray (Chrono Boost)  
  94  33:58  Void Ray (Chrono Boost)  
Show
View Real Time Build Order
Export as new Build Order

Alchemy Protoss - Winner!

Build Orders: 1 Gate Expand 

Get SALT Encoding   

  12  0:01  Probe  
  13  0:13  Probe  
  14  0:18  Pylon  
  14  0:25  Probe  
  15  0:37  Probe  
  15  0:38  Gateway  
  17  0:50  Probe  
  17  0:52  Assimilator  
  17  1:02  Probe  
  18  1:14  Probe  
  19  1:26  Probe  
  19  1:30  Nexus  
  20  1:38  Probe  
  21  1:43  Assimilator  
  21  1:46  Cybernetics Core  
  21  1:50  Probe  
  22  2:02  Probe  
  23  2:12  Pylon  
  23  2:19  Warp Gate (Chrono Boost)  
  23  2:30  Probe (Chrono Boost), Adept  
  26  2:41  Probe (Chrono Boost)  
  28  2:45  Probe (Chrono Boost)  
  28  2:51  Probe (Chrono Boost)  
  29  2:53  Probe (Chrono Boost)  
  29  2:57  Stalker  
  29  2:58  Probe x2 (Chrono Boost)  
  34  3:09  Probe x2  
  36  3:21  Probe x2, Robotics Facility  
  38  3:32  Stalker  
  38  3:33  Probe x2  
  41  3:45  Probe x2  
  38  3:57  Probe x2  
  40  4:07  Warp Prism (Chrono Boost)  
  40  4:09  Probe  
  41  4:14  Probe  
  44  4:21  Probe  
  45  4:26  Probe  
  45  4:27  Pylon  
  45  4:29  Pylon  
  46  4:45  Probe x2, Immortal  
  50  5:03  Stalker  
  50  5:06  Gateway  
  52  5:07  Probe x2  
  52  5:13  Forge  
  52  5:15  Forge  
  52  5:19  Probe x2  
  45  5:31  Probe  
  41  5:47  Probe x2 (Chrono Boost)  
  43  5:51  Photon Cannon  
  43  5:55  Photon Cannon  
  43  5:59  Probe (Chrono Boost)  
  43  6:00  Probe (Chrono Boost)  
  45  6:08  Probe x2 (Chrono Boost)  
  47  6:12  Photon Cannon  
  47  6:13  Probe  
  47  6:14  Probe  
  47  6:16  Immortal (Chrono Boost)  
  47  6:17  Adept x2  
  53  6:18  Protoss Ground Weapons Level 1 (Chrono Boost)  
  53  6:19  Protoss Ground Armor Level 1 (Chrono Boost)  
  57  6:26  Probe x2  
  59  6:38  Probe x2  
  61  6:46  Nexus  
  61  6:48  Pylon, Observer  
  61  6:50  Probe, Pylon  
  62  6:55  Probe  
  59  7:02  Probe  
  59  7:08  Stalker x2  
  62  7:32  Probe x2  
  62  7:34  Assimilator  
  62  7:36  Assimilator  
  64  7:58  Adept x2  
  68  8:05  Probe x3  
  71  8:08  Protoss Shields Level 1 (Chrono Boost)  
  71  8:15  Twilight Council  
  71  8:17  Probe x3  
  74  8:59  Probe x3  
  75  9:03  Stalker x2  
  75  9:07  Immortal  
  75  9:09  Resonating Glaives (Chrono Boost)  
  81  9:11  Probe x3  
  84  9:21  Dark Shrine  
  84  9:22  Pylon  
  84  9:23  Probe  
  84  9:47  Observer  
  85  9:58  Stalker  
  85  9:59  Stalker  
  89  10:04  Gateway  
  89  10:06  Gateway  
  89  10:08  Gateway  
  89  10:10  Pylon  
  89  10:44  Assimilator  
  89  10:55  Charge (Chrono Boost), Photon Cannon  
  89  10:56  Protoss Ground Weapons Level 2 (Chrono Boost), Protoss Ground Armor Level 2 (Chrono Boost)  
  89  11:06  Nexus  
  89  11:09  Pylon  
  89  11:12  Pylon  
  89  11:21  Probe x3  
  92  11:30  Assimilator  
  92  11:33  Probe  
  93  11:56  Adept  
  93  11:57  Adept x4  
  85  12:26  Probe  
  85  12:27  Probe x3  
  85  12:28  Immortal (Chrono Boost)  
  93  12:38  Stalker  
  93  12:39  Stalker x3  
  93  12:40  Stalker  
  103  12:47  Blink (Chrono Boost), Pylon  
  103  12:50  Immortal  
  103  12:52  Gateway  
  103  12:53  Gateway  
  103  12:54  Gateway  
  103  12:56  Gateway  
  103  12:57  Gateway  
  103  12:58  Gateway  
  103  12:59  Photon Cannon  
  107  13:14  Stalker x4  
  107  13:15  Stalker  
  117  13:29  Immortal (Chrono Boost)  
  121  13:37  Stalker  
  121  13:38  Stalker x3  
  121  13:39  Stalker  
  131  13:45  Protoss Ground Weapons Level 3 (Chrono Boost), Protoss Ground Armor Level 3 (Chrono Boost)  
  131  13:59  Warp Prism (Chrono Boost)  
  133  14:06  Assimilator  
  133  14:08  Assimilator  
  133  14:17  Stalker x3  
  133  14:18  Stalker  
  133  14:19  Stalker x3  
  147  14:24  Pylon  
  147  14:26  Pylon  
  147  15:49  Immortal  
  88  16:17  Stalker x2  
  92  16:19  Dark Templar x3  
  92  16:20  Dark Templar x4  
  92  16:21  Dark Templar x2  
  92  16:25  Immortal (Chrono Boost)  
  114  16:53  Stalker x2  
  114  16:54  Stalker x4  
  120  16:55  Stalker x2  
  120  16:56  Stalker x3  
  120  16:57  Immortal (Chrono Boost)  
  140  17:27  Immortal (Chrono Boost)  
  144  17:46  Archon x4  
  144  17:49  Dark Templar  
  146  17:51  Sentry  
  146  17:52  Sentry  
  146  17:54  Archon  
  146  17:56  Stalker x3  
  146  17:57  Zealot x4  
  164  18:15  Pylon  
  164  18:17  Pylon  
  164  18:20  Pylon  
  164  18:34  Immortal (Chrono Boost)  
  94  19:04  Stalker x2  
  94  19:05  Stalker x3  
  94  19:06  Stalker x2  
  94  19:07  Stalker x3  
  94  19:08  Stalker  
  116  19:13  Observer (Chrono Boost)  
  117  19:25  Immortal (Chrono Boost)  
  117  19:28  Zealot x3  
  117  19:29  Zealot x3  
  117  19:30  Zealot x3  
  139  19:31  Zealot  
  141  19:39  Shield Battery  
  141  19:42  Shield Battery  
  141  19:46  Shield Battery  
  141  19:48  Shield Battery  
  141  19:49  Shield Battery  
  141  20:05  Dark Templar x2  
  141  20:06  Dark Templar x2  
  141  20:07  Dark Templar x3  
  151  20:08  Dark Templar  
  151  20:09  Dark Templar  
  151  20:10  Dark Templar  
  151  20:11  Dark Templar  
  147  21:27  Pylon  
  147  21:29  Pylon  
  147  21:31  Pylon  
  147  21:33  Pylon  
  147  21:38  Pylon  
  147  21:39  Pylon  
  147  21:42  Pylon  
  147  21:45  Pylon  
  147  21:57  Stargate  
  147  21:59  Stargate  
  147  22:02  Stargate  
  147  22:20  Nexus  
  147  22:22  Pylon  
  147  22:23  Pylon  
  147  22:52  Nexus  
  147  22:55  Pylon  
  147  22:57  Pylon  
  147  23:18  Zealot  
  147  23:19  Zealot x5  
  159  23:20  Zealot x2  
  145  23:34  Zealot x3  
  145  23:35  Zealot x5  
  145  23:36  Zealot  
  145  23:37  Zealot  
  165  23:50  Fleet Beacon, Protoss Shields Level 2 (Chrono Boost)  
  165  23:51  Robotics Facility  
  165  23:52  Protoss Air Weapons Level 1 (Chrono Boost)  
  165  24:30  Tempest (Chrono Boost)  
  165  24:31  Tempest x2 (Chrono Boost)  
  165  24:36  Immortal (Chrono Boost)  
  165  24:37  Mothership (Chrono Boost)  
  195  24:56  Assimilator  
  195  24:59  Assimilator  
  195  25:08  Warp Prism  
  197  25:26  Zealot  
  199  26:00  Protoss Air Weapons Level 2 (Chrono Boost)  
  199  26:03  Protoss Shields Level 3 (Chrono Boost)  
  199  26:23  Assimilator  
  199  26:26  Assimilator  
  181  27:21  Zealot x2  
  181  27:22  Zealot  
  187  27:23  Zealot x2  
  187  27:24  Zealot  
  187  27:25  Zealot  
  187  27:26  Zealot x2  
  199  27:55  Pylon  
  199  27:57  Pylon  
  199  27:58  Photon Cannon  
  199  28:00  Photon Cannon  
  199  28:02  Photon Cannon  
  199  28:03  Photon Cannon  
  199  28:08  Photon Cannon  
  105  29:01  Tempest x3 (Chrono Boost)  
  95  29:16  Zealot x2  
  93  29:17  Zealot x4  
  93  29:18  Zealot x3  
  93  29:19  Zealot x2  
  111  29:31  Mothership (Chrono Boost)  
  111  29:38  Tempest x3 (Chrono Boost)  
  137  29:50  Zealot  
  137  29:51  Zealot  
  134  30:03  Zealot x4  
  134  30:04  Zealot x2  
  134  30:05  Zealot x2  
  134  30:06  Zealot  
  147  30:13  Void Ray (Chrono Boost)  
  147  30:14  Void Ray x2 (Chrono Boost)  
  158  30:45  Nexus  
  158  30:46  Pylon, Void Ray x3 (Chrono Boost)  
  158  30:49  Assimilator  
  166  30:51  Assimilator  
  170  31:14  Stalker  
  170  31:17  Protoss Air Weapons Level 3 (Chrono Boost)  
  172  31:22  Void Ray x3  
  184  31:28  Graviton Catapult (Chrono Boost)  
  178  32:02  Void Ray x3 (Chrono Boost)  
  174  32:35  Void Ray x3 (Chrono Boost)  
  186  33:07  Void Ray (Chrono Boost)  
  186  33:08  Void Ray x2 (Chrono Boost)  
  198  34:42  Zealot  
Tags
 
Matchup
PvP
Spawn Locations
Cross Positions
Add a new tag
Caveats
  • Supply blocks, unpowered buildings, or Contaminate may cause inaccurate times.
  • Supply counts are checked every 10 seconds.